Map: Acropolis LE

Players

Serral - Winner!

  • Race: Zerg Zerg
  • Spawn Location: 11:00

XionS

  • Race: Protoss Protoss
  • League: Grandmaster
  • Spawn Location: 5:00

Event: NationWars 2019

VOD

Have the link to the VOD?

Description

Time

  • Played on: Oct. 6, 2019, 2:39 p.m.
  • Length: 8:00
Show
View Real Time Build Order
Export as new Build Order

Serral Zerg - Winner!

Build Orders: Hatch First 

Get SALT Encoding   

  12  0:00  Drone  
  13  0:12  Overlord  
  13  0:17  Drone  
  14  0:31  Drone x2  
  16  0:48  Hatchery  
  15  0:52  Drone  
  15  0:55  Drone  
  17  0:58  Drone  
  18  1:09  Extractor  
  17  1:13  Spawning Pool  
  17  1:16  Drone  
  17  1:20  Drone  
  18  1:28  Drone  
  19  1:39  Drone  
  20  1:52  Overlord  
  20  2:00  Queen x2  
  25  2:01  Zergling x4  
  26  2:12  Drone x2  
  28  2:19  Metabolic Boost  
  28  2:22  Drone x2  
  30  2:33  Hatchery  
  29  2:38  Drone x2  
  31  2:45  Overlord  
  31  2:48  Drone  
  32  2:53  Queen  
  32  2:55  Drone  
  32  2:57  Drone  
  36  3:07  Drone x2  
  36  3:09  Overlord  
  36  3:10  Drone x2  
  40  3:17  Drone x3  
  40  3:18  Drone  
  44  3:24  Overlord  
  44  3:31  Overlord  
  44  3:32  Queen  
  46  3:35  Drone  
  46  3:37  Pneumatized Carapace  
  46  3:39  Drone x2  
  46  3:40  Drone  
  50  3:46  Drone x2, Zergling x2  
  53  3:52  Queen  
  55  3:59  Zergling x2  
  55  4:00  Zergling x2  
  55  4:02  Drone x3  
  60  4:04  Roach Warren  
  60  4:07  Zergling x6  
  61  4:10  Drone  
  61  4:14  Zergling x6  
  65  4:18  Lair  
  65  4:20  Spore Crawler  
  65  4:21  Drone  
  65  4:22  Overlord  
  65  4:32  Overlord  
  65  4:39  Extractor  
  65  4:40  Extractor  
  65  4:42  Drone x2, Overlord  
  65  4:43  Overlord  
  65  4:44  Drone  
  66  4:46  Overlord  
  66  4:48  Overlord  
  66  4:51  Drone x4  
  66  4:52  Drone  
  71  4:54  Drone  
  72  5:02  Overlord  
  72  5:03  Drone x4  
  72  5:06  Extractor  
  75  5:09  Drone x2  
  75  5:10  Evolution Chamber  
  75  5:11  Queen x2  
  80  5:14  Overlord  
  80  5:17  Glial Reconstitution  
  80  5:19  Overseer, Overlord  
  80  5:27  Overlord  
  80  5:30  Drone x2, Extractor  
  80  5:31  Drone, Roach  
  80  5:32  Roach x3  
  90  5:38  Nydus Network, Queen  
  90  5:42  Roach x2  
  95  5:45  Roach  
  95  5:46  Roach  
  99  5:50  Roach x2  
  102  5:59  Queen x2  
  104  6:10  Hydralisk Den  
  103  6:14  Queen  
  103  6:15  Nydus Canal  
  104  6:24  Drone  
  104  6:25  Drone x4  
  108  6:28  Extractor  
  108  6:29  Zergling x14  
  114  6:34  Nydus Canal, Queen  
  116  6:40  Grooved Spines, Queen  
  117  6:49  Nydus Canal  
  117  6:50  Queen  
  117  6:51  Zergling x6, Roach x3  
  124  7:03  Zergling x8  
  124  7:07  Zergling x2  
  126  7:08  Nydus Canal  
  126  7:10  Queen  
  126  7:15  Queen  
  126  7:21  Overlord x2  
  125  7:27  Overlord  
  125  7:28  Overlord x2  
  125  7:35  Overlord  
Show
View Real Time Build Order
Export as new Build Order

XionS Protoss 

Build Orders: 1 Gate Expand 

Get SALT Encoding   

  12  0:00  Probe  
  13  0:12  Probe  
  14  0:21  Pylon  
  14  0:25  Probe  
  15  0:39  Probe (Chrono Boost)  
  16  0:46  Gateway  
  16  0:48  Probe (Chrono Boost)  
  17  0:53  Probe  
  18  1:15  Nexus  
  18  1:16  Probe  
  19  1:21  Assimilator  
  19  1:28  Probe  
  20  1:35  Cybernetics Core  
  20  1:40  Assimilator  
  20  1:45  Probe  
  21  1:53  Pylon  
  21  1:57  Probe  
  22  2:08  Warp Gate (Chrono Boost)  
  22  2:09  Probe  
  22  2:11  Stalker (Chrono Boost)  
  25  2:21  Probe  
  26  2:28  Probe  
  27  2:34  Probe, Sentry  
  30  2:40  Probe (Chrono Boost)  
  31  2:47  Gateway  
  31  2:50  Probe (Chrono Boost)  
  32  2:52  Probe (Chrono Boost)  
  34  2:59  Probe (Chrono Boost)  
  34  3:00  Probe (Chrono Boost)  
  34  3:02  Stargate  
  34  3:06  Probe  
  34  3:11  Pylon  
  34  3:12  Probe  
  36  3:20  Probe  
  36  3:24  Probe  
  38  3:32  Probe, Shield Battery  
  39  3:36  Probe  
  40  3:44  Probe  
  40  3:48  Probe, Void Ray (Chrono Boost)  
  46  3:56  Pylon  
  46  4:07  Nexus  
  46  4:09  Pylon  
  46  4:10  Probe  
  47  4:20  Probe  
  47  4:21  Void Ray (Chrono Boost)  
  47  4:22  Probe, Assimilator  
  53  4:24  Assimilator  
  53  4:27  Pylon, Adept  
  53  4:28  Adept  
  56  4:32  Probe  
  58  4:38  Probe  
  58  4:44  Probe  
  59  4:50  Probe  
  60  4:56  Probe  
  61  5:01  Stargate  
  61  5:02  Stargate, Probe  
  61  5:06  Pylon  
  62  5:09  Probe  
  62  5:13  Void Ray (Chrono Boost)  
  63  5:14  Probe (Chrono Boost)  
  63  5:20  Pylon  
  63  5:21  Probe (Chrono Boost), Forge  
  71  5:30  Probe (Chrono Boost)  
  71  5:32  Probe (Chrono Boost)  
  71  5:33  Probe (Chrono Boost)  
  72  5:37  Shield Battery  
  72  5:38  Probe (Chrono Boost)  
  72  5:39  Probe (Chrono Boost)  
  72  5:40  Pylon, Probe (Chrono Boost)  
  72  5:41  Pylon  
  75  5:45  Void Ray  
  75  5:47  Probe  
  80  5:51  Void Ray  
  84  6:01  Void Ray  
  84  6:02  Probe  
  89  6:06  Probe  
  89  6:09  Pylon  
  89  6:10  Pylon  
  90  6:13  Pylon  
  90  6:14  Assimilator  
  90  6:16  Probe  
  90  6:17  Probe  
  90  6:18  Assimilator  
  92  6:25  Pylon, Probe  
  92  6:28  Photon Cannon  
  92  6:32  Photon Cannon  
  93  6:35  Void Ray  
  93  6:38  Probe  
  98  6:42  Photon Cannon  
  98  6:43  Photon Cannon  
  98  6:50  Probe, Void Ray (Chrono Boost)  
  103  6:58  Void Ray (Chrono Boost)  
  103  7:11  Shield Battery  
  103  7:12  Shield Battery  
  103  7:14  Shield Battery  
  99  7:17  Photon Cannon x2  
  99  7:19  Photon Cannon  
  99  7:24  Photon Cannon  
Tags
 
Add a new tag
Caveats
  • Supply blocks, unpowered buildings, or Contaminate may cause inaccurate times.
  • Supply counts are checked every 10 seconds.